 Dungeon Crawl Stone Soup version 0.31-a0-152-g6aa68a64a1 (webtiles) character file.

Game seed: 9356129637263896166

569 qw the Shooter (level 7, -1/66 HPs)
             Began as a Naga Hunter on June 10, 2023.
             Was an Initiate of Okawaru.
             Slain by a gnoll
             ... wielding a +0 halberd
             ... led by a gnoll bouda
              (9 damage)
             ... on level 5 of the Dungeon.
             The game lasted 00:01:23 (3307 turns).

qw the Shooter (Naga Hunter)                        Turns: 3307, Time: 00:01:24

Health: -1/66      AC:  4    Str: 13    XL:     7   Next: 33%
Magic:  7/7        EV:  9    Int: 10    God:    Okawaru [......]
Gold:   165        SH:  0    Dex: 16    Spells: 6/6 levels left

rFire   + . .        Y - +1 shortbow
rCold   . . .        (shield currently unavailable)
rNeg    . . .        c - +0 leather armour
rPois   +            (no helmet)
rElec   .            b - +0 cloak
rCorr   +            (no gloves)
SInv    +            (no barding)
Will    .....        (no amulet)
Stlth   ++           d - ring of the Brewing Priest {rF+ rCorr}
HPRegen 0.31/turn    (no ring)
MPRegen 0.10/turn

%: no passive effects
@: very slow
A: AC +2, large, see invisible, deformed body, poison resistance, slowness 2,
spit poison 1, naga tail 1
a: Spit Poison, Renounce Religion


You were on level 5 of the Dungeon.
You worshipped Okawaru.
Okawaru was noncommittal.
You visited 1 branch of the dungeon, and saw 5 of its levels.

You collected 214 gold pieces.
You spent 49 gold pieces at shops.


Innate Abilities, Weirdness & Mutations

Your serpentine skin is tough. (AC +2)
You have supernaturally acute eyesight. (SInv)
Armour fits poorly on your strangely shaped body.
Your system is resistant to poisons. (rPois)
You cover ground very slowly.
You can spit poison.
You have a snake-like lower body.


   Skills:
 - Level 4.3 Fighting
 - Level 7.0 Ranged Weapons
 + Level 1.6 Dodging
 - Level 1.5 Stealth


You had 6 spell levels left.
You didn't know any spells.
Your spell library was empty.

Inventory:

Hand Weapons
 Y - a +1 shortbow (weapon)
Armour
 b - a +0 cloak (worn)
 c - a +0 leather armour (worn)
Jewellery
 d - the ring of the Brewing Priest (left hand) {rF+ rCorr}
   (You found it on level 3 of the Dungeon)

   [ring of protection from fire]

   rF:        It protects you from fire.
   rCorr:     It protects you from acid and corrosion.
 i - a ring of fire
Scrolls
 e - a scroll of identify
Potions
 f - a potion of might
 g - 2 potions of degeneration {unknown}
 h - a potion of resistance

Dungeon Overview and Level Annotations

Branches:
Dungeon (5/15)             Temple (0/1) D:4

Altars:
Okawaru

Shops:
D:3 [


Message History

The gnoll hits you from afar with a +0 spear.
The gnoll hits you with a +0 club.
You shoot an arrow. The arrow hits the gnoll.
You kill the gnoll!
Okawaru accepts your kill.
You have got your breath back.
Your attacks no longer feel as feeble.
The gnoll misses you.
3302 ||| INVOKING Spit Poison.
Aiming: Spit Poison (1% risk of failure)
Press: ? - help, Shift-Dir - straight line, f - gnoll The splash of poison hits the gnoll.
The gnoll is severely wounded.
The gnoll completely misses you.
The gnoll hits you from afar with a +0 spear.
You shoot an arrow. The arrow barely misses the gnoll.
The gnoll bouda calls upon its god to heal the gnoll.
The gnoll is healed somewhat.
The gnoll hits you from afar with a +0 halberd.
The gnoll hits you from afar with a +0 spear.
You shoot an arrow. The arrow barely misses the gnoll.
The gnoll closely misses you. The gnoll hits you but does no damage.
The gnoll bouda hits you with a +0 club!
You shoot an arrow.
The arrow hits the gnoll bouda but does no damage.
The gnoll bouda is lightly wounded.
The gnoll hits you from afar with a +0 halberd!
The gnoll hits you from afar with a +0 spear.
The gnoll bouda hits you with a +0 club.
You shoot an arrow. The arrow hits the gnoll bouda!
The gnoll bouda is severely wounded.
The gnoll barely misses you.
The gnoll hits you from afar with a +0 spear.
The gnoll bouda hits you with a +0 club.
The sleepcap releases spores at you but does no damage.
You shoot an arrow.
The arrow barely misses the gnoll bouda.
You have got your breath back.
The gnoll hits you from afar with a +0 halberd!
You die...

#.... #....
#...# #...##
#.)..#####
#g.g.....#
#fg......#
#@.....#
#......#
##.....#
#.....#
##....#
#....# ##..##
.. #..# ...
#.%#######...


You could see a sleepcap, a gnoll bouda and 2 gnolls.

Vanquished Creatures
  A scorpion (D:4)
  A water moccasin zombie (D:3)
  A hound (D:4)
  2 sleepcaps (D:4)
  Jessica (D:2)
  3 iguanas
  A scorpion zombie (D:3)
  2 hound zombies (D:3)
  5 gnolls
  6 adders
  An adder skeleton (D:3)
  3 worms
  3 orcs
  8 ball pythons
  6 endoplasms
  5 giant cockroaches
  6 goblins
  5 hobgoblins
  2 jackals
  8 quokkas
  A ball python skeleton (D:3)
  A ball python zombie (D:3)
  3 bats
  6 frilled lizards
  A giant cockroach zombie (D:3)
  A jackal zombie (D:3)
  12 kobolds
  A quokka skeleton (D:3)
  4 rats
100 creatures vanquished.

Notes
Turn   | Place    | Note
-------+----------+-------------------------------------------
     0 | D:1      | qw the Naga Hunter began the quest for the Orb.
     0 | D:1      | Reached XP level 1. HP: 19/19 MP: 1/1
     0 | D:1      | 0 ||| qw: Version: 0.2-a-29-gd901d54
     0 | D:1      | 0 ||| qw: Game counter: 3956
     0 | D:1      | 0 ||| qw: Always use a shield: true
     0 | D:1      | 0 ||| qw: God list: Okawaru
     0 | D:1      | 0 ||| qw: Allow faded altars: false
     0 | D:1      | 0 ||| qw: Do Orc after D:15 true
     0 | D:1      | 0 ||| qw: Do second Lair branch before Depths: true
     0 | D:1      | 0 ||| qw: Lair rune preference: random
     0 | D:1      | 0 ||| qw: Plans: Normal
     0 | D:1      | 0 ||| PLANNING D:1-11
    73 | D:1      | 73 ||| INVOKING Spit Poison.
    76 | D:1      | 76 ||| INVOKING Spit Poison.
   119 | D:1      | 119 ||| INVOKING Spit Poison.
   143 | D:1      | 143 ||| INVOKING Spit Poison.
   148 | D:1      | Reached skill level 4 in Ranged Weapons
   148 | D:1      | Reached XP level 2. HP: 21/26 MP: 2/2
   179 | D:1      | 179 ||| INVOKING Spit Poison.
   184 | D:1      | 184 ||| INVOKING Spit Poison.
   205 | D:1      | 205 ||| INVOKING Spit Poison.
   206 | D:1      | 206 ||| INVOKING Spit Poison.
   249 | D:1      | 249 ||| INVOKING Spit Poison.
   331 | D:1      | 331 ||| INVOKING Spit Poison.
   406 | D:1      | 406 ||| INVOKING Spit Poison.
   444 | D:1      | Reached XP level 3. HP: 32/32 MP: 3/3
   445 | D:1      | 445 ||| INVOKING Spit Poison.
   511 | D:1      | 511 ||| INVOKING Spit Poison.
   547 | D:1      | 547 ||| INVOKING Spit Poison.
   613 | D:1      | 613 ||| READING scroll labelled VEJOGO WAJADOW.
   614 | D:1      | 614 ||| READING 3 scrolls labelled JAELAI BIFEU.
   615 | D:1      | 615 ||| READING scroll labelled HITWEROROB.
   716 | D:1      | 716 ||| READING scroll labelled KAIN FUETAE.
   717 | D:1      | 717 ||| READING scroll labelled ZIUMNE SEYFO.
   718 | D:1      | 718 ||| READING 2 scrolls of identify.
   718 | D:1      | 718 ||| IDENTIFYING smoky pink potion
   719 | D:1      | 719 ||| DROPPING scroll of butterflies.
   767 | D:2      | 767 ||| INVOKING Spit Poison.
   775 | D:2      | 775 ||| INVOKING Spit Poison.
   805 | D:2      | 805 ||| INVOKING Spit Poison.
   808 | D:2      | 808 ||| INVOKING Spit Poison.
   815 | D:2      | 815 ||| INVOKING Spit Poison.
   844 | D:2      | 844 ||| INVOKING Spit Poison.
   852 | D:2      | 852 ||| INVOKING Spit Poison.
   860 | D:2      | 860 ||| INVOKING Spit Poison.
   911 | D:2      | 911 ||| INVOKING Spit Poison.
   933 | D:2      | 933 ||| INVOKING Spit Poison.
   965 | D:2      | 965 ||| INVOKING Spit Poison.
   974 | D:2      | Noticed Jessica
   975 | D:2      | 975 ||| INVOKING Spit Poison.
   976 | D:2      | Killed Jessica
   977 | D:2      | Reached skill level 5 in Ranged Weapons
   977 | D:2      | Reached XP level 4. HP: 23/39 MP: 4/4
  1067 | D:2      | 1067 ||| INVOKING Spit Poison.
  1163 | D:2      | Found a faded altar of an unknown god.
  1255 | D:2      | 1255 ||| INVOKING Spit Poison.
  1287 | D:2      | 1287 ||| READING scroll labelled KUEQASCHUEC.
  1288 | D:2      | 1288 ||| READING 3 scrolls labelled YNUESS MEJ BOUQO.
  1289 | D:2      | 1289 ||| READING 3 scrolls of identify.
  1289 | D:2      | 1289 ||| IDENTIFYING pink potion
  1290 | D:2      | 1290 ||| READING 2 scrolls of identify.
  1290 | D:2      | 1290 ||| IDENTIFYING purple potion
  1291 | D:2      | 1291 ||| DROPPING 2 scrolls of vulnerability.
  1292 | D:2      | 1292 ||| DROPPING potion of magic.
  1320 | D:3      | 1320 ||| PLANNING SEWER
  1345 | D:3      | 1345 ||| INVOKING Spit Poison.
  1390 | D:3      | 1390 ||| INVOKING Spit Poison.
  1394 | D:3      | 1394 ||| INVOKING Spit Poison.
  1409 | D:3      | 1409 ||| INVOKING Spit Poison.
  1415 | D:3      | 1415 ||| INVOKING Spit Poison.
  1453 | D:3      | Found Keck's Armour Boutique.
  1456 | D:3      | 1456 ||| BUYING +0 cloak (49 gold).
  1456 | D:3      | Bought a +0 cloak for 49 gold pieces
  1456 | D:3      | 1456 ||| SHOPLISTING +0 helmet (49 gold, have 48).
  1456 | D:3      | 1456 ||| SHOPLISTING +1 robe of Orthodoxy {rPois rC+ Will+
                  | Dex-3} (255 gold, have 48).
  1456 | D:3      | 1456 ||| SHOPLISTING +4 robe of Folly {Brill Will-∞ Int+8}
                  | (489 gold, have 48).
  1500 | D:3      | 1500 ||| INVOKING Spit Poison.
  1507 | D:3      | 1507 ||| INVOKING Spit Poison.
  1516 | D:3      | HP: 8/40 [water moccasin zombie (6)]
  1520 | D:3      | Reached skill level 3 in Fighting
  1520 | D:3      | Reached XP level 5. HP: 10/50 MP: 5/5
  1521 | D:3      | HP: 9/50 [hound zombie (2)]
  1529 | D:3      | HP: 5/50 [giant cockroach zombie (1)]
  1695 | D:3      | Identified the ring of the Brewing Priest {rF+ rCorr}
  1724 | D:3      | 1724 ||| INVOKING Spit Poison.
  1766 | D:3      | Reached XP level 6. HP: 57/57 MP: 6/6
  1792 | D:3      | 1792 ||| INVOKING Spit Poison.
  1828 | D:3      | 1828 ||| INVOKING Spit Poison.
  1832 | D:3      | 1832 ||| RIP SEWER
  1833 | D:3      | 1833 ||| PLANNING D:1-11
  1833 | D:3      | 1833 ||| INVOKING Spit Poison.
  1839 | D:3      | 1839 ||| INVOKING Spit Poison.
  1855 | D:3      | 1855 ||| INVOKING Spit Poison.
  1862 | D:3      | 1862 ||| INVOKING Spit Poison.
  1872 | D:3      | 1872 ||| INVOKING Spit Poison.
  1877 | D:3      | 1877 ||| INVOKING Spit Poison.
  1965 | D:3      | 1965 ||| INVOKING Spit Poison.
  1989 | D:3      | 1989 ||| INVOKING Spit Poison.
  2149 | D:3      | 2149 ||| UPGRADING to +0 cloak.
  2154 | D:3      | 2154 ||| UPGRADING to ring of the Brewing Priest {rF+
                  | rCorr}.
  2155 | D:3      | 2155 ||| READING scroll labelled RECITHR JIX MIDD.
  2186 | D:4      | 2186 ||| INVOKING Spit Poison.
  2191 | D:4      | 2191 ||| INVOKING Spit Poison.
  2195 | D:4      | HP: 10/57 [sleepcap (21)]
  2197 | D:4      | Reached skill level 6 in Ranged Weapons
  2379 | D:4      | 2379 ||| INVOKING Spit Poison.
  2383 | D:4      | 2383 ||| INVOKING Spit Poison.
  2644 | D:4      | Found an iron altar of Okawaru.
  2645 | D:4      | 2645 ||| PLANNING OKAWARU WORSHIP
  2645 | D:4      | 2645 ||| READING 2 scrolls of identify.
  2645 | D:4      | 2645 ||| IDENTIFYING cyan potion
  2646 | D:4      | 2646 ||| DROPPING potion of attraction.
  2647 | D:4      | 2647 ||| INVOKING Spit Poison.
  2653 | D:4      | 2653 ||| INVOKING Spit Poison.
  2658 | D:4      | 2658 ||| INVOKING Spit Poison.
  2663 | D:4      | 2663 ||| INVOKING Spit Poison.
  2670 | D:4      | 2670 ||| INVOKING Spit Poison.
  2675 | D:4      | 2675 ||| INVOKING Spit Poison.
  2822 | D:4      | Became a worshipper of Warmaster Okawaru
  2822 | D:4      | 2822 ||| PLANNING D:1-11
  2829 | D:4      | 2829 ||| INVOKING Spit Poison.
  2833 | D:4      | 2833 ||| INVOKING Spit Poison.
  2859 | D:4      | Reached XP level 7. HP: 53/66 MP: 7/7
  2909 | D:4      | 2909 ||| INVOKING Spit Poison.
  2931 | D:4      | 2931 ||| INVOKING Spit Poison.
  2936 | D:4      | 2936 ||| INVOKING Spit Poison.
  2943 | D:4      | 2943 ||| INVOKING Spit Poison.
  2965 | D:4      | 2965 ||| INVOKING Spit Poison.
  2968 | D:4      | 2968 ||| INVOKING Spit Poison.
  3002 | D:4      | Found a staircase to the Ecumenical Temple.
  3032 | D:4      | 3032 ||| INVOKING Spit Poison.
  3037 | D:4      | 3037 ||| INVOKING Spit Poison.
  3123 | D:4      | 3123 ||| INVOKING Spit Poison.
  3126 | D:4      | 3126 ||| INVOKING Spit Poison.
  3130 | D:4      | 3130 ||| INVOKING Spit Poison.
  3136 | D:4      | 3136 ||| INVOKING Spit Poison.
  3265 | D:5      | Entered Level 5 of the Dungeon
  3276 | D:5      | 3276 ||| INVOKING Spit Poison.
  3294 | D:5      | 3294 ||| INVOKING Spit Poison.
  3297 | D:5      | Reached skill level 7 in Ranged Weapons
  3299 | D:5      | 3299 ||| INVOKING Spit Poison.
  3302 | D:5      | 3302 ||| INVOKING Spit Poison.
  3305 | D:5      | HP: 16/66 [gnoll bouda/+0 club (5)]
  3307 | D:5      | Slain by a gnoll

Levels and vault maps discovered:
D:1:      dpeg_arrival_brainrot, layout_rooms
D:2:      cheibrodos_helix_gallery, layout_rooms,
          hellmonk_ecumenical_altar_lost_god, kennysheep_generic_room_4,
          uniq_jessica
D:3:      layout_loops_ring, portal_sewer_entry_a, serial_undead,
          serial_undead_a, serial_undead_d, serial_undead_c, serial_undead_a,
          serial_undead_f, serial_undead_f, serial_shops,
          nicolae_shop_behind_doors
D:4:      wad_woods_stonehenge, layout_basic, minmay_temple_entry_statues
D:5:      layout_cave_pods, nicolae_overflow_hallway_of_the_gods,
          gammafunk_ghost_cemetery, grunt_ministairs_10

Skill      XL: |  1  2  3  4  5  6  7 |
---------------+----------------------+-----
Ranged Weapons | 4 5 6 7 |  7.0
Fighting       | 3 4 |  4.3
Dodging        | |  1.6
Stealth        | |  1.5

Action                     |  1- 3 |  4- 6 |  7- 9 || total
---------------------------+-------+-------+-------++-------
   Fire: Shortbow          |    67 |   151 |    43 ||   261
Ability: Spit Poison       |    25 |    32 |    16 ||    73
    Use: Scroll            |     6 |     6 |       ||    12
 Armour: Leather armour    |     1 |    22 |     7 ||    30
  Dodge: Dodged            |     4 |    31 |    13 ||    48

Table legend:
 A = Non-vault XP
 B = Vault XP
 C = Vault XP percentage of total XP
 D = Non-vault monster count
 E = Vault monster count
 F = Vault count percentage of total count
                 A         B        C        D         E       F
            +---------+---------+-------+---------+---------+-------
      Total |     539 |     274 |  33.7 |      78 |      22 |  22.0
            +---------+---------+-------+---------+---------+-------
        D:1 |      42 |       2 |   4.5 |      25 |       1 |   3.8
        D:2 |      37 |      40 |  51.9 |      14 |       3 |  17.6
        D:3 |      93 |     184 |  66.4 |      19 |      12 |  38.7
        D:4 |     327 |      48 |  12.8 |      17 |       6 |  26.1
        D:5 |      40 |       0 |   0.0 |       3 |       0 |   0.0
            +---------+---------+-------+---------+---------+-------
